 Dungeon Crawl Stone Soup version 0.20.0-15-g7f486f2 (webtiles) character file.

77 vishdafish the Covered (level 4, -4/40 HPs)
             Began as a Minotaur Fighter on June 18, 2017.
             Slain by Sigmund
             ... wielding a +0 scythe
              (8 damage)
             ... on level 2 of the Dungeon.
             The game lasted 00:04:55 (1189 turns).

vishdafish the Covered (Minotaur Fighter)           Turns: 1189, Time: 00:04:55

Health: -4/40      AC:  4    Str: 20    XL:     4   Next: 14%
Magic:  3/3        EV:  7    Int:  5    God:
Gold:   30         SH:  9    Dex: 11    Spells: 3/3 levels left

rFire    . . .     SeeInvis .   a - +0 long sword
rCold    . . .     Gourm    .   c - +0 shield
rNeg     . . .     Faith    .   b - +0 scale mail
rPois    .         Spirit   .   (helmet restricted)
rElec    .         Reflect  .   (no cloak)
rCorr    .         Harm     .   (no gloves)
MR       .....                  (no boots)
Stlth    ..........             (no amulet)
Regen    0.2/turn               e - +3 ring of slaying
MPRegen  0.1/turn               m - -3 ring of protection (curse)

@: lethally poisoned (-4 -> -6)
A: retaliatory headbutt, horns 2
a: no special abilities


You were on level 2 of the Dungeon.
You were not hungry.

You visited 1 branch of the dungeon, and saw 2 of its levels.

You collected 30 gold pieces.

Inventory:

Hand Weapons
 a - a +0 long sword (weapon)
Armour
 b - a +0 scale mail (worn)
 c - a +0 shield (worn)
Jewellery
 e - a +3 ring of slaying (left hand)
 j - an uncursed ring of magical power
 m - a cursed -3 ring of protection (right hand)
Wands
 p - a wand of acid (9/15)
Scrolls
 g - a scroll of recharging {unknown}
 h - a scroll of blinking {unknown}
 k - a scroll of identify {unknown}
Potions
 d - a potion of might
 i - 2 potions of cancellation {unknown}
 l - a potion of curing {unknown}
 o - a potion of lignification {unknown}
Comestibles
 f - a bread ration
 n - a meat ration


   Skills:
 + Level 4.2 Fighting
 + Level 3.5 Long Blades
 + Level 4.4 Armour
 + Level 0.2 Dodging
 + Level 0.1 Stealth
 + Level 4.1 Shields


You had 3 spell levels left.
You didn't know any spells.

Dungeon Overview and Level Annotations

Branches:
Dungeon (2/15)

Altars:

Annotations:
D:2 Sigmund


Innate Abilities, Weirdness & Mutations

You reflexively headbutt those who attack you in melee.
You have a pair of horns on your head.


Message History

A hobgoblin comes into view. It is wielding a club.
The hobgoblin shouts!
You see here a short sword.
You feel sick.
You are confused.
You're too confused to move!
You feel sick.
You see here a club.
A magic dart appears from out of thin air!
The magic dart hits you!
You feel sick. Something hits you!
You feel less confused.
You closely miss the hobgoblin.
You feel sick. You block the hobgoblin's attack. Something hits you!
* * * LOW HITPOINT WARNING * * *
You slash the hobgoblin!
You kill the hobgoblin!
Something hits you!
You die...

.......#<.#...####...##
.................>.###
.......#.####..#####
.†.......# ##.#
........######.#######
.###.................#
.#.......####.......##
.#...###.# #.......#
....## ... #(..@...#
..## #...#...)...# .##
...#...{...# .###
#.......# ...#
#...)...# ...#
#.......# #...
...........# ....
.###.......# #...
#....##...


There were no monsters in sight!

Vanquished Creatures
  Robin (D:2)
  2 adders (D:2)
  An ooze (D:1)
  2 dart slugs
  A leopard gecko (D:1)
  4 bats
  10 goblins
  11 hobgoblins
  2 frilled lizards
  2 kobolds (D:1)
  A rat (D:2)
37 creatures vanquished.

Notes
Turn   | Place    | Note
-------+----------+-------------------------------------------
     0 | D:1      | vishdafish the Minotaur Fighter began the quest for the Orb.
     0 | D:1      | Reached XP level 1. HP: 19/19 MP: 0/0
   119 | D:1      | Reached XP level 2. HP: 27/27 MP: 1/1
   954 | D:2      | Reached XP level 3. HP: 32/33 MP: 2/2
   956 | D:2      | Noticed Robin
   977 | D:2      | Killed Robin
  1171 | D:2      | Reached XP level 4. HP: 34/40 MP: 3/3
  1176 | D:2      | Noticed Sigmund
  1189 | D:2      | Slain by Sigmund

Skill      XL: |  1  2  3 |
---------------+----------+-----
Armour         | 4 |  4.4
Fighting       | 4 |  4.2
Long Blades    | 3 |  3.5
Shields        | 4 |  4.1
Dodging        | |  0.2
Stealth        | |  0.1

Action                   |  1- 3 |  4- 6 || total
-------------------------+-------+-------++-------
Melee: Long sword        |    69 |     5 ||    74
       Headbutt          |    13 |       ||    13
  Use: Scroll            |     1 |       ||     1
  Eat: Bread ration      |     1 |       ||     1
Armor: Scale mail        |    32 |       ||    32
Dodge: Dodged            |    33 |       ||    33
Block: Shield            |    36 |     2 ||    38
       Rpst.: Long sword |     6 |       ||     6
